 Dungeon Crawl Stone Soup version 0.29.1-15-g9cfb28693d (webtiles) character file.

Game seed: 12318245466738552361

14 protoss039 the Digger (level 2, 0/20 HPs)
             Began as a Demonspawn Earth Elementalist on Mar 14, 2023.
             Slain by an endoplasm (1 damage)
             ... on level 1 of the Dungeon.
             The game lasted 00:00:35 (459 turns).

protoss039 the Digger (DsEE)                         Turns: 459, Time: 00:00:36

Health: 0/20       AC:  6    Str:  8    XL:     2   Next: 27%
Magic:  1/5        EV: 10    Int: 16    God:
Gold:   0          SH:  0    Dex: 13    Spells: 4/5 levels left

rFire   . . .      SeeInvis .   f - staff of earth
rCold   . . .      Faith    .   (no shield)
rNeg    . . .      Spirit   .   e - +0 ring mail
rPois   .          Reflect  .   (no helmet)
rElec   .          Harm     .   (no cloak)
rCorr   .          Rampage  .   (no gloves)
Will    .....                   (no boots)
Stlth   +.........              (no amulet)
HPRegen 0.06/turn               (no ring)
MPRegen 0.09/turn               (no ring)

@: about to teleport, very slightly contaminated
A: rugged brown scales 1
a: no special abilities


You were on level 1 of the Dungeon.
You visited 1 branch of the dungeon, and saw 1 of its levels.

Inventory:

Hand Weapons
 d - a +0 dagger
Armour
 e - a +0 ring mail (worn)
Magical Staves
 f - a staff of earth (weapon)
Scrolls
 c - a scroll of teleportation
Potions
 b - a potion of magic


   Skills:
 + Level 0.9 Fighting
 * Level 0.2 Armour
 - Level 1.7 Dodging
 - Level 1.7 Stealth
 + Level 2.2 Spellcasting
 - Level 0.8 Transmutations
 + Level 2.9 Earth Magic


You had 4 spell levels left.
You knew the following spells:

 Your Spells              Type           Power      Damage    Failure   Level
a - Sandblast             Erth           32%        2d9       19%         1

Your spell library contained the following spells:

 Spells                   Type           Power      Damage    Failure   Level
 Passwall                 Tmut/Erth      9%         N/A       41%         2
 Stone Arrow              Conj/Erth      18%        3d8       71%         3
 Petrify                  Tmut/Erth      11%        N/A       96%         4


Dungeon Overview and Level Annotations

Branches:
Dungeon (1/15) Zot: 5533

Altars:


Innate Abilities, Weirdness & Mutations

You are partially covered in rugged brown scales. (AC +1, +3% HP)


Message History

You are frozen.
Casting: Sandblast (safe; 19% risk of failure)
Confirm with . or Enter, or press ? or * to list all spells.
Aiming: Sandblast (safe; 19% risk of failure)
Press: ? - help, Shift-Dir - straight line, f/p - jackal
Aim: a jackal (77% to hit)
You feel a surge of power!
The blast of sand misses the jackal.
The blast of sand hits the jackal!
You kill the jackal!
The jackal barely misses you. The endoplasm freezes you.
You are frozen.
The jackal barely misses you.
Casting: Sandblast (safe; 19% risk of failure)
Confirm with . or Enter, or press ? or * to list all spells.
Aiming: Sandblast (safe; 19% risk of failure)
Press: ? - help, Shift-Dir - straight line, f/p - jackal
Aim: a jackal (77% to hit)
You feel a surge of power!
You miscast Sandblast.
You are very lightly contaminated with residual magic.
Nothing appears to happen.
The jackal bites you. The endoplasm freezes you.
You are frozen.
* * * LOW HITPOINT WARNING * * *
Casting: Sandblast (safe; 19% risk of failure)
Confirm with . or Enter, or press ? or * to list all spells.
Aiming: Sandblast (safe; 19% risk of failure)
Press: ? - help, Shift-Dir - straight line, f/p - jackal
Aim: a jackal (77% to hit)
You feel a surge of power!
The blast of sand hits the jackal!
You kill the jackal!
The endoplasm hits you.
* * * LOW HITPOINT WARNING * * *
The jackal barely misses you. The endoplasm hits you.
* * * LOW HITPOINT WARNING * * *
Unknown command.
As you read the scroll labelled YFOLOIMUASE, it crumbles to dust.
You feel strangely unstable.
It was a scroll of teleportation.
The jackal bites you but does no damage. x2
The endoplasm hits you.
You die...

..†..#### ......... ##.
##.# †##..###. ......#
........ ..##..##
.~≈~~~.~~ #.?....
..~~~...~~ #.##..#
...~.....≈.. ##.##..#
....~~~~~.....###J..#..#
<....~~≈ .....Bh@.#....#
.# ......~.
...#.###.?.#.###...#
.~~~~~.. ##.##.....#
..≈~~... #.##.###.#
.[.≈.... #.##.# #.#
~~~..... #.##.# #.#
~≈.....# ####.##.# #.#
~.....## ........###.#
......# ............#


You could see an endoplasm, a jackal and a giant cockroach.

Vanquished Creatures
  An endoplasm (D:1)
  2 goblins (D:1)
  A hobgoblin (D:1)
  3 jackals (D:1)
  2 ball pythons (D:1)
  A bat (D:1)
  3 rats (D:1)
13 creatures vanquished.

Notes
Turn   | Place    | Note
-------+----------+-------------------------------------------
     0 | D:1      | protoss039 the Demonspawn Earth Elementalist began the
                  | quest for the Orb.
     0 | D:1      | Reached XP level 1. HP: 13/13 MP: 3/3
   251 | D:1      | Gained mutation: You are partially covered in rugged brown
                  | scales. (AC +1, +3% HP) [demonic ancestry]
   251 | D:1      | Reached XP level 2. HP: 12/20 MP: 1/5
   458 | D:1      | HP: 1/20 [endoplasm (2)]
   459 | D:1      | Slain by an endoplasm

Illustrated notes

Levels and vault maps discovered:
D:1:      onia_arrival_pyramid, layout_loops_ring,
          chequers_serial_rivers_large_b, minmay_pentomino_r4

Action                   || total
-------------------------++-------
Melee: Staff             ||     3
 Cast: Sandblast         ||    13
  Use: Scroll            ||     1
Armor: Ring mail         ||     5
Dodge: Dodged            ||     7
